 Dungeon Crawl Stone Soup version 0.28-a0-899-gf2b78a14d2 (webtiles) character file.

Game seed: 12060850527838652384

5315 AvatarAndi78 the Cleaver (level 10, 0/86 HPs)
             Began as a Purple Draconian Berserker on Nov 23, 2021.
             Was a Priest of Trog.
             Slain by an orc warrior (7 damage)
             ... on level 8 of the Dungeon.
             The game lasted 00:14:52 (7129 turns).

AvatarAndi78 the Cleaver (DrBe)                     Turns: 7129, Time: 00:14:53

Health: 0/86       AC:  8    Str: 19    XL:     10   Next: 37%
Magic:  11/11      EV: 14    Int:  7    God:    Trog [***...]
Gold:   409        SH:  5    Dex: 15    Spells: 9/9 levels left

rFire   . . .      SeeInvis .   q - +2 long sword (holy)
rCold   . . .      Faith    .   m - +0 buckler
rNeg    + . .      Spirit   .   (armour unavailable)
rPois   +          Reflect  .   (helmet restricted)
rElec   .          Harm     .   (no cloak)
rCorr   .          Rampage  .   d - +0 pair of gloves
Will    +....                   (no boots)
Stlth   +++.......              n - amulet of the acrobat
HPRegen 0.00/turn               l - ring of positive energy
MPRegen 0.12/turn               (no ring)

@: short of breath, on berserk cooldown, inhibited regen, slowed, very slow
A: breathe power, AC +7, unfitting armour, cold-blooded, mutation resistance 1,
poison resistance, inhibited regeneration
a: Breathe Dispelling Energy, Renounce Religion, Berserk, Trog's Hand


You were on level 8 of the Dungeon.
You worshipped Trog.
Trog was most pleased with you.
You visited 1 branch of the dungeon, and saw 8 of its levels.

You collected 465 gold pieces.
You spent 56 gold pieces at shops.

Inventory:

Hand Weapons
 o - a +0 war axe of venom
 q - a +2 long sword of holy wrath (weapon)
Armour
 d - a +0 pair of gloves (worn)
 m - a +0 buckler (worn)
Jewellery
 c - an amulet of regeneration
 l - a ring of positive energy (left hand)
 n - an amulet of the acrobat (around neck)
Wands
 k - a wand of flame (42)
 r - a wand of polymorph (13)
Scrolls
 b - 4 scrolls of teleportation
 g - a scroll of silence
 p - a scroll of fog
Potions
 a - a potion of magic {unknown}
 e - 2 potions of heal wounds
 f - a potion of invisibility {unknown}
 h - a potion of cancellation
 i - 3 potions of curing
 j - a potion of flight


   Skills:
 + Level 7.4 Fighting
 + Level 2.1(3.2) Short Blades
 + Level 3.6(3.9) Long Blades
 + Level 9.4(9.6) Axes
 + Level 2.1(6.7) Maces & Flails
 + Level 2.1(6.7) Polearms
 + Level 3.4(4.0) Staves
 + Level 2.3(2.7) Slings
 + Level 1.9 Bows
 + Level 1.9 Crossbows
 + Level 1.9(2.5) Throwing
 + Level 6.2 Dodging
 + Level 4.2 Stealth
 + Level 3.3 Shields
 + Level 3.1 Unarmed Combat
 + Level 2.3 Invocations
 + Level 2.6 Evocations


You had 9 spell levels left.
You didn't know any spells.
Your spell library was empty.

Dungeon Overview and Level Annotations

Branches:
Dungeon (8/15)             Temple (0/1) D:4
   Lair: D:8-11

Altars:
Cheibriados
Kikubaaqudgha
Okawaru
Xom
Yredelemnul
The Shining One

Shops:
D:2 !

Annotations:
D:8 4 runed translucent doors


Innate Abilities, Weirdness & Mutations

You can breathe bolts of dispelling energy.
Your rich purple scales are hard. (AC +7)
You cannot fit into any form of body armour.
You are cold-blooded and may be slowed by cold attacks.
You are somewhat resistant to further mutation.
Your system is resistant to poisons. (rPois)
You do not regenerate when monsters are visible.


Message History

* * * LOW HITPOINT WARNING * * *
You slash the centaur warrior!
Your tail-slap misses the centaur warrior.
The centaur warrior is almost dead.
The centaur warrior hits you!
* * * LOW HITPOINT WARNING * * *
The centaur warrior kicks you.
* * * LOW HITPOINT WARNING * * *
You slash the centaur warrior!
You kill the centaur warrior!
Trog accepts your kill.
Your life force feels restored.
The orc wizard completely misses you.
Things that are here:
a +0 longbow; 12 arrows; a +0 robe You closely miss the orc wizard.
You tail-slap the orc wizard!
The orc wizard is heavily wounded.
The orc wizard points at you and mumbles some strange words.
You resist with almost no effort.
You barely miss the orc wizard.
Your tail-slap misses the orc wizard.
The orc wizard is heavily wounded.
An orc warrior comes into view. It is wielding a +0 trident.
You slash the orc wizard!
You kill the orc wizard!
Trog accepts your kill.
Trog appreciates your killing of a magic user.
You closely miss the orc wizard.
The orc wizard hits you but does no damage.
You barely miss the orc wizard.
You are no longer berserk.
You are exhausted.
You feel yourself slow down.
The orc wizard gestures at you while chanting.
The magic dart hits you.
* * * LOW HITPOINT WARNING * * *
You closely miss the orc wizard.
The orc wizard hits you with a +0 dagger.
* * * LOW HITPOINT WARNING * * *
The orc warrior hits you from afar with a +0 trident!
You die...

#.....)#8....8#...#
....###..+......+.#.# ##
#..+h.....+.#.###
##..#8....8#[#...#
##...##8)|8##.#.#..
####.....######.....#.
#....###'# #'###...
########.#.##.#)# ###..÷##..
.≈≈≈≈≈..##.#@#.## #.##)#.#.#
≈.....≈.##.#o### #.#.##.#.#
≈.≈≈≈.≈.##.#o# #.##.#.#.#
≈≈...≈≈.#..#Z# #..###[#(.
≈≈._.≈≈.#..##. ####....##..
≈≈...≈≈.#...######..######..#
≈.≈≈≈.≈.#.#................##
≈.....≈(#.##..###.....<....#
.≈≈≈≈≈).#)..............#..#


You could see an orc warrior, an orc wizard and a centaur zombie.

Vanquished Creatures
  A centaur warrior (D:8)
  2 two-headed ogres (D:8)
  Pikel (D:6)
  A cyclops (D:6)
  A troll (D:8)
  A steam dragon (D:7)
  An acid dragon (D:8)
  Duvessa (D:4)
  A black bear (D:8)
  3 ice beasts
  An orc warrior (D:8)
  A necrophage (D:6)
  An ogre (D:6)
  A centaur (D:7)
  A lemure (D:6)
  A phantom (D:6)
  A bullfrog (D:8)
  2 scorpions
  2 water moccasin skeletons
  Dowan (D:4)
  5 wights (D:8)
  A howler monkey (D:5)
  A crimson imp (D:7)
  2 centaur zombies
  4 hounds
  4 jellies
  An orc priest (D:4)
  Ijyb (D:5)
  5 iguanas
  3 orc wizards
  2 hound skeletons
  Robin (D:2)
  7 adders
  4 gnolls (D:6)
  A white imp (D:7)
  2 worms
  3 dart slugs
  11 orcs
  5 bats
  7 endoplasms
  2 giant cockroaches
  11 goblins
  3 hobgoblins
  5 quokkas
  A ball python (D:2)
  4 frilled lizards
  6 kobolds
  2 rats
129 creatures vanquished.

Vanquished Creatures (others)
  A plant (D:8)
1 creature vanquished.

Grand Total: 130 creatures vanquished

Notes
Turn   | Place    | Note
-------+----------+-------------------------------------------
     0 | D:1      | AvatarAndi78 the Draconian Berserker began the quest for
                  | the Orb.
     0 | D:1      | Reached XP level 1. HP: 19/19 MP: 1/1
   315 | D:1      | Found a faded altar of an unknown god.
   348 | D:1      | Reached XP level 2. HP: 20/26 MP: 2/2
   687 | D:2      | Noticed Robin
   695 | D:2      | Killed Robin
   696 | D:2      | Reached XP level 3. HP: 31/31 MP: 3/3
   955 | D:2      | Reached ** piety under Trog
   965 | D:2      | Reached skill level 4 in Axes
  1268 | D:2      | Reached XP level 4. HP: 40/40 MP: 4/4
  1456 | D:2      | Found Aheahes's Distillery.
  1461 | D:2      | Bought a potion of flight for 42 gold pieces
  1461 | D:2      | Bought a potion of degeneration for 14 gold pieces
  1468 | D:2      | Gained mutation: Your body sometimes deteriorates upon
                  | taking damage. [potion of mutation]
  1468 | D:2      | Gained mutation: You have sharp fingernails. [potion of
                  | mutation]
  1867 | D:3      | Found a basalt altar of Yredelemnul.
  1901 | D:3      | Found a shimmering altar of Xom.
  2365 | D:3      | Lost mutation: Your body sometimes deteriorates upon taking
                  | damage. [potion of mutation]
  2365 | D:3      | Lost mutation: You have sharp fingernails. [potion of
                  | mutation]
  2365 | D:3      | Gained mutation: Your system is resistant to poisons.
                  | (rPois) [potion of mutation]
  2365 | D:3      | Gained mutation: You do not regenerate when monsters are
                  | visible. [potion of mutation]
  2365 | D:3      | Gained mutation: You are somewhat resistant to further
                  | mutation. [potion of mutation]
  2693 | D:4      | Found a staircase to the Ecumenical Temple.
  2718 | D:4      | Found an iron altar of Okawaru.
  2735 | D:4      | Reached skill level 5 in Axes
  2735 | D:4      | Reached skill level 1 in Bows
  2735 | D:4      | Reached skill level 1 in Crossbows
  2735 | D:4      | Reached skill level 1 in Throwing
  2735 | D:4      | Reached XP level 5. HP: 47/47 MP: 4/6
  2987 | D:4      | Found a snail-covered altar of Cheibriados.
  3104 | D:4      | Reached XP level 6. HP: 28/55 MP: 7/7
  3633 | D:5      | Entered Level 5 of the Dungeon
  3633 | D:5      | Noticed Duvessa
  3633 | D:5      | Noticed Dowan
  3650 | D:4      | Killed Duvessa
  3651 | D:4      | Reached skill level 5 in Fighting
  3651 | D:4      | Your scales start taking on a rich purple colour.
  3651 | D:4      | Reached XP level 7. HP: 53/61 MP: 8/8
  3654 | D:4      | Killed Dowan
  3708 | D:5      | Noticed Ijyb
  3734 | D:5      | Killed Ijyb
  3735 | D:5      | Reached skill level 6 in Axes
  4263 | D:6      | Noticed a cyclops
  4312 | D:6      | Killed a cyclops
  4313 | D:6      | Reached XP level 8. HP: 41/70 MP: 9/9
  4427 | D:6      | Reached skill level 7 in Axes
  4561 | D:6      | Reached skill level 5 in Dodging
  4675 | D:6      | Noticed Pikel
  4689 | D:6      | Killed Pikel
  4690 | D:6      | Reached XP level 9. HP: 69/78 MP: 10/10
  5257 | D:7      | Found a glowing golden altar of the Shining One.
  5374 | D:7      | Reached *** piety under Trog
  5539 | D:7      | Reached skill level 8 in Axes
  6351 | D:8      | Found a large runed translucent door.
  6351 | D:8      | Found a large runed translucent door.
  6401 | D:8      | Noticed a two-headed ogre
  6411 | D:8      | Killed a two-headed ogre
  6416 | D:8      | Noticed a troll
  6421 | D:8      | Killed a troll
  6628 | D:8      | Noticed a boulder beetle
  6665 | D:8      | Noticed a two-headed ogre
  6674 | D:8      | Killed a two-headed ogre
  6675 | D:8      | Reached skill level 9 in Axes
  6675 | D:8      | Reached XP level 10. HP: 68/86 MP: 11/11
  6676 | D:8      | Found a large runed translucent door.
  6676 | D:8      | Found a large runed translucent door.
  6841 | D:8      | Found an ancient bone altar of Kikubaaqudgha.
  7114 | D:8      | Noticed a centaur warrior
  7122 | D:8      | Killed a centaur warrior
  7129 | D:8      | Slain by an orc warrior

Illustrated notes

Levels and vault maps discovered:
D:1:      dpeg_arrival_arbitrary_c, layout_loops_ring, basic_ecumenical_altar
D:2:      layout_loops_ring, serial_shops, nicolae_shop_hallway_plus,
          serial_rivers, chequers_serial_rivers_micro_a,
          chequers_serial_rivers_marsh, chequers_serial_rivers_small_a,
          chequers_serial_rivers_room_b, chequers_serial_rivers_micro_e,
          chequers_serial_rivers_micro_e, uniq_robin
D:3:      layout_basic, mainiacjoe_overflow_surrounded_room,
          brannock_xom_greatest_gift
D:4:      layout_layer_cave, lemuel_crystal_altar, amcnicky_altar_gilded,
          minmay_temple_entry_from_below_a
D:5:      layout_rooms, uniq_duvessa, uniq_ijyb
D:6:      layout_loops_cross, kennysheep_generic_room_14, uniq_pikel
D:7:      layout_basic, mainiacjoe_overflow_catwalk, minmay_fire_ice_demons
D:8:      layout_loops_ring, mainiacjoe_overflow_concentric_impassable,
          makhleb_blood_cavern_becter, mainiacjoe_overflow_paths,
          enter_bailey_2, serial_shops, kennysheep_little_box,
          nicolae_shop_crystal, nicolae_shop_hallway_plus, serial_bayou_pond_e,
          minmay_hollow_rounded_squares

Skill      XL: |  1  2  3  4  5  6  7  8  9 10 |
---------------+-------------------------------+-----
Dodging        | 3 4 5 6 |  6.2
Axes           | 4 5 6 7 9 |  9.4
Fighting       | 4 5 6 7 |  7.4
Short Blades   | 2 |  2.1
Long Blades    | 3 |  3.6
Maces & Flails | 2 |  2.1
Polearms       | 2 |  2.1
Staves         | 3 |  3.4
Slings         | 2 |  2.3
Bows           | 1 |  1.9
Crossbows      | 1 |  1.9
Throwing       | 1 |  1.9
Stealth        | 2 3 4 |  4.2
Shields        | 2 3 |  3.3
Unarmed Combat | 3 |  3.1
Invocations    | 2 |  2.3
Evocations     | 2 |  2.6

Action                   |  1- 3 |  4- 6 |  7- 9 | 10-12 || total
-------------------------+-------+-------+-------+-------++-------
Melee: Hand axe          |   101 |   131 |    40 |       ||   272
       Tailslap          |    11 |    24 |    28 |     3 ||    66
       War axe           |       |       |   148 |       ||   148
       Long sword        |       |       |     7 |    37 ||    44
Invok: Berserk           |     1 |     4 |     4 |     2 ||    11
       Trog's Hand       |       |     1 |       |       ||     1
 Abil: Breathe Dispellin |       |       |     7 |     2 ||     9
Evoke: Wand              |       |       |     4 |       ||     4
  Use: Potion            |       |     9 |     2 |       ||    11
       Scroll            |       |     6 |     3 |       ||     9
 Stab: Sleeping          |     1 |     2 |     7 |       ||    10
Armor: Skin              |    31 |    30 |    67 |    12 ||   140
Dodge: Dodged            |    72 |    59 |   142 |    27 ||   300
Block: Buckler           |       |    24 |    35 |     5 ||    64

Table legend: (Time is in decaauts)
 A = Elapsed time spent in this place.
 B = Non-inter-level travel time spent in this place.
 C = Inter-level travel time spent in this place.
 D = Time resting spent in this place.
 E = Time spent auto-exploring this place.
 F = Levels seen in this place.
 G = Mean time per level.
                   A        B        C        D        E       F      G
               +--------+--------+--------+--------+--------+-----+--------+
         Total |   7276 |   7026 |    250 |      0 |   5846 |   8 |  909.5 |
       Dungeon |   7276 |   7026 |    250 |      0 |   5846 |   8 |  909.5 |
               +--------+--------+--------+--------+--------+-----+--------+

Top non-repeatable levels by time:
     D:7: 1275 daAuts
     D:2: 1186 daAuts
     D:4: 1138 daAuts
     D:6: 871 daAuts
     D:8: 826 daAuts
     D:3: 806 daAuts
     D:1: 620 daAuts
     D:5: 552 daAuts
